 Dungeon Crawl Stone Soup version 0.14-a0-181-gf6fe0c6 (webtiles) character file.

7597 Malachi the Covert (level 10, -1/65 HPs)
             Began as a Vampire Enchanter on Oct 6, 2013.
             Was a Priest of Okawaru.
             Slain by a four-headed hydra (6 damage)
             ... on Level 2 of the Lair of Beasts.
             The game lasted 00:45:58 (18670 turns).

Malachi the Covert (Vampire Enchanter)             Turns: 18670, Time: 00:45:58

HP  -1/65        AC  0     Str  2      XL: 10   Next: 84%
MP   3/15        EV 28     Int 20      God: Okawaru [***...]
Gold 518         SH  0     Dex 19      Spells:  4 memorised,  3 levels left

Res.Fire  : . . .   See Invis. : +   a - melded +1,+0 dagger
Res.Cold  : + . .   Warding    : .   S - melded +2 robe of Calculation {rElec rF+ rN+}
Life Prot.: + + .   Conserve   : .   q - melded +1 buckler
Res.Poison: +       Res.Corr.  : +   G - melded +0 helmet
Res.Elec. : .       Clarity    : .   B - melded +2 cloak {rPois}
Sust.Abil.: . .     Spirit.Shd : .   j - melded +1 pair of gauntlets
Res.Mut.  : .       Stasis     : .   y - melded +0 pair of boots "Zarirgh" {Str+1 Dex+3 In Res.Rott. : + Flight : + p - amulet of resist corrosion Saprovore : . . . J - melded ring "Wasisuac" {rC+ Dex+5 Int+4 Acc+6} H - melded +2 ring of intelligence

@: bat-form, overloaded, regenerating slowly, flying, quick, somewhat resistant
to hostile enchantments, fairly stealthy
A: bottle blood, (fangs 0), see invisible, (unbreathing)
a: Bottle Blood, End Transformation, Heroism, Renounce Religion


You were on level 2 of the Lair of Beasts.
You worshipped Okawaru.
Okawaru was most pleased with you.
You were overloaded with stuff.
You were very thirsty.
You were in vampire bat-form.
You visited 3 branches of the dungeon, and saw 11 of its levels.
You also visited: Labyrinth.

You collected 498 gold pieces.

Inventory:

Hand weapons
 a - a +1,+0 dagger (melded)
 t - a +2,+0 elven short sword
 E - a +0,+0 sabre
Missiles
 d - 10 darts (quivered)
Armour
 j - a +1 pair of gauntlets (melded)
 q - a +1 buckler (melded)
 y - the +0 pair of boots "Zarirgh" (melded) {Str+1 Dex+3 Int+2}
   (You found it on level 5 of the Dungeon)

   It affects your strength (+1).
   It affects your intelligence (+2).
   It affects your dexterity (+3).
 B - a +2 cloak of poison resistance (melded)
 G - a +0 helmet (melded)
 S - the +2 robe of Calculation (melded) {rElec rF+ rN+}
   (You found it in a labyrinth)

   It protects you from fire.
   It insulates you from electricity.
   It protects you from negative energy.
Magical devices
 k - a wand of flame (9) {unknown}
 v - a wand of frost (9) {unknown}
 K - a wand of frost (10) {unknown}
 M - a wand of magic darts (14) {unknown}
 P - a wand of frost (16) {unknown}
 Q - a wand of slowing (15) {unknown}
Scrolls
 g - a scroll of vulnerability {unknown}
 l - 6 scrolls of identify
 m - 4 scrolls of remove curse
 r - 4 scrolls of enchant weapon I
 w - a scroll of enchant armour
 A - 2 scrolls of teleportation
Jewellery
 p - an amulet of resist corrosion (around neck)
 H - a +2 ring of intelligence (melded)
 J - the ring "Wasisuac" (melded) {rC+ Dex+5 Int+4 Acc+6}
   (You found it on level 8 of the Dungeon)

   [ring of protection from cold]

   It affects your intelligence (+4).
   It affects your dexterity (+5).
   It affects your accuracy (+6).
 N - an uncursed amulet of guardian spirit {unknown}
Potions
 b - a potion of speed {unknown}
 e - 3 potions of agility
 f - 2 potions of heal wounds {unknown}
 h - 9 potions of curing
 i - 2 potions of might
 o - 4 potions of brilliance {unknown}
 s - a potion of magic {unknown}
 u - a potion of porridge {unknown}
 x - a potion of flight {unknown}
 C - a potion of poison {unknown}
 F - a potion of confusion {unknown}
Books
 c - a book of Maledictions

   Spells                             Type                      Level
   *Corona                            Hexes                        1
   *Sure Blade                        Hexes/Charms                 2
   *Ensorcelled Hibernation           Hexes/Ice                    2
   *Confuse                           Hexes                        3
   Enslavement                        Hexes                        4
   Invisibility                       Hexes                        6
 D - a book of Frost

   Spells                             Type                      Level
   Freeze                             Ice                          1
   Throw Frost                        Conjuration/Ice              2
   Ozocubu's Armour                   Charms/Ice                   3
   Throw Icicle                       Conjuration/Ice              4
   Summon Ice Beast                   Ice/Summoning                4
   Condensation Shield                Ice                          4
 O - a book of Burglary

   Spells                             Type                      Level
   Apportation                        Translocation                1
   Swiftness                          Charms/Air                   2
   Passwall                           Transmutation/Earth          3
   Passage of Golubria                Translocation                4
   Lee's Rapid Deconstruction         Earth                        5
   Darkness                           Hexes                        7
Magical staves
 z - an uncursed staff of wizardry
 I - an uncursed staff of power
 U - an uncursed staff of summoning {unknown}
Rods
 V - a +2 rod of demonology (9/9)
   (You found it in a labyrinth)


   Skills:
 + Level 2.1 Fighting
 * Level 8.9 Short Blades
 - Level 0.7 Throwing
 - Level 0.8 Armour
 + Level 7.8 Dodging
 + Level 14.3 Stealth
 + Level 2.3 Shields
 - Level 1.0 Spellcasting
 + Level 11.7 Hexes


You had 3 spell levels left.
You knew the following spells:

 Your Spells              Type           Power        Failure   Level  Hunger
a - Corona                Hex            #####..      2%          1    ##.....
b - Ensorcelled Hibernat  Hex/Ice        ###...       10%         2    ###....
c - Confuse               Hex            #####...     3%          3    ####...
d - Sure Blade            Hex/Chrm       ###.......   10%         2    ###....


Dungeon Overview and Level Annotations

Branches:
Dungeon (8/27)             Temple (1/1) D:6             Orc (0/4) D:8
   Lair (2/8) D:8

Altars:
Ashenzari
Cheibriados
Elyvilon
Fedhas
Kikubaaqudgha
Makhleb
Nemelex Xobeh
Okawaru
Sif Muna
Trog
Vehumet
Xom
Yredelemnul
Zin
the Shining One

Shops:
D:4 /

Annotations:
D:5 epsilon's ghost, experienced DsMo


Innate Abilities, Weirdness & Mutations

You heal slowly.
You can bottle blood from corpses.
((You have razor-sharp teeth.))*
You have supernaturally acute eyesight.
((You can survive without breathing.))*


Message History

* * * LOW HITPOINT WARNING * * *
The four-headed hydra misses you.
You are feeling very thirsty.
Use which ability? (? or * to list)
You turn into a vampire bat.
Your +1,+0 dagger melds into your body.
Your +2 cloak of poison resistance melds into your body.
Your +0 helmet melds into your body.
Your +1 pair of gauntlets melds into your body.
The +0 pair of boots "Zarirgh" {Str+1 Dex+3 Int+2} melds into your body.
You feel weaker.
You are being crushed by all of your possessions.
You feel stupid.
You feel clumsy.
Your +1 buckler melds into your body.
The +2 robe of Calculation {rElec rF+ rN+} melds into your body.
Your +2 ring of intelligence melds into your body.
You feel stupid.
The ring "Wasisuac" {rC+ Dex+5 Int+4 Acc+6} melds into your body.
You feel stupid.
You feel clumsy. The four-headed hydra bites you.
You die...

..........(..........
.......................
.......................
.......................
......................
.......#...........###
.......f...##......P.#
....(.....#P.........
....##.b##P.........
... #.D##.......#..
....P#..#.#........
...f......#.......<..
.##..............#..
#..##..#........... ###
#..#f#..$...#..
#..###P...### P...
#....#


You could see a four-headed hydra.

Vanquished Creatures
  A minotaur (Lab)
  2 elephants (Lair:1)
  A black mamba (Lair:2)
  A spiny frog (Lair:1)
  A basilisk (Lair:1)
  A deep elf fighter (D:8)
  A yak (D:8)
  A hungry ghost (Lab)
  A manticore (D:8)
  Menkaure (D:6)
  A necrophage (D:6)
  A porcupine (Lair:1)
  2 sky beasts (D:7)
  A phantom (D:5)
  3 orc warriors
  A black bear (D:6)
  2 ice beasts (D:8)
  3 crocodiles
  3 centaurs
  3 ogres
  The ghost of patman the Sneak, an average OpAs (D:7)
  3 giant frogs
  3 agate snails (Lair:1)
  A hippogriff zombie (D:6)
  6 crimson imps (D:5)
  4 goliath beetles
  5 wights (D:6)
  A quasit (D:6)
  8 hounds
  2 jellies
  Crazy Yiuf (D:6)
  2 orc priests
  A giant frog skeleton (D:5)
  A gnoll shaman (D:5)
  5 orc wizards
  4 scorpions
  2 iguanas
  10 worker ants
  Ijyb (D:7)
  A mottled dragon zombie (D:7)
  A hound skeleton (D:7)
  9 gnolls
  A green rat (D:8)
  A worker ant zombie (D:8)
  A giant centipede (Lair:1)
  A worm zombie (D:5)
  13 adders
  A giant mite (D:7)
  6 worms
  An adder zombie (D:8)
  An iguana zombie (D:8)
  2 giant eyeballs (D:5)
  20 orcs
  A ball python (D:5)
  7 giant cockroaches
  11 goblins
  13 hobgoblins
  11 jackals
  17 bats
  8 giant geckos
  10 giant newts
  A jackal skeleton (D:8)
  15 kobolds
  A kobold skeleton (D:6)
  An orc skeleton (D:4)
  8 quokkas
  A quokka skeleton (D:6)
  35 rats
291 creatures vanquished.

Vanquished Creatures (others)
  A human (D:3)
  4 fungi
5 creatures vanquished.

Grand Total: 296 creatures vanquished

Notes
Turn   | Place    | Note
--------------------------------------------------------------
     0 | D:1      | Malachi, the Vampire Enchanter, began the quest for the Orb.
     0 | D:1      | Reached XP level 1. HP: 13/13 MP: 4/4
   123 | D:1      | Reached XP level 2. HP: 13/19 MP: 5/5
   382 | D:1      | Learned a level 2 spell: Ensorcelled Hibernation
   519 | D:2      | Reached skill level 5 in Hexes
   609 | D:2      | Reached XP level 3. HP: 13/24 MP: 6/6
  2561 | D:2      | Reached XP level 4. HP: 23/30 MP: 5/8
  3211 | D:3      | Found an ancient bone altar of Kikubaaqudgha.
  4067 | D:3      | Reached XP level 5. HP: 31/35 MP: 9/9
  4146 | D:3      | Reached skill level 5 in Stealth
  4405 | D:4      | Found Yroociaru's Magical Wand Emporium.
  5006 | D:4      | Reached skill level 6 in Stealth
  5006 | D:4      | Reached XP level 6. HP: 41/41 MP: 7/10
  5255 | D:5      | Entered Level 5 of the Dungeon
  6671 | D:5      | Found an ancient bone altar of Kikubaaqudgha.
  6684 | D:5      | Reached XP level 7. HP: 34/46 MP: 11/11
  7355 | D:5      | Reached skill level 7 in Stealth
  8064 | D:5      | Reached skill level 8 in Stealth
  8251 | D:5      | Noticed epsilon's ghost (experienced DsMo)
  8260 | D:5      | Learned a level 3 spell: Confuse
  9006 | D:5      | Paralysed by a giant eyeball for 2 turns
  9911 | D:5      | Found a shimmering altar of Xom.
  9911 | D:5      | Found a radiant altar of Vehumet.
 10099 | D:5      | Reached skill level 5 in Short Blades
 10099 | D:5      | Reached skill level 5 in Dodging
 10129 | D:5      | Got a pair of ancient boots
 10132 | D:5      | Identified the +0 pair of boots "Zarirgh" {Str+1 Dex+3 Int+2} (You found it on level 5 of the Dungeon)
 10320 | D:5      | Reached XP level 8. HP: 52/52 MP: 8/13
 11855 | D:6      | Reached skill level 9 in Stealth
 12307 | D:6      | Reached skill level 1 in Fighting
 12372 | D:6      | Learned a level 2 spell: Sure Blade
 12642 | D:6      | Noticed Crazy Yiuf
 12648 | D:6      | Killed Crazy Yiuf
 12648 | D:6      | Reached skill level 1 in Shields
 12738 | D:6      | Found a staircase to the Ecumenical Temple.
 12746 | D:6      | Reached skill level 10 in Stealth
 12746 | D:6      | Reached XP level 9. HP: 58/58 MP: 11/14
 12861 | D:6      | Noticed Menkaure
 12869 | Temple   | Entered the Ecumenical Temple
 13106 | D:6      | Killed Menkaure
 13365 | Temple   | Became a worshipper of Warmaster Okawaru
 13683 | D:6      | Found a bloodstained altar of Trog.
 13834 | D:7      | Noticed patman's ghost (average OpAs)
 13854 | D:7      | Killed patman's ghost
 14156 | D:7      | Reached skill level 11 in Stealth
 14396 | D:7      | Noticed Ijyb
 14404 | D:7      | Killed Ijyb
 14503 | D:8      | Acquired Okawaru's first power
 14913 | D:8      | Reached skill level 10 in Hexes
 14928 | D:8      | Reached skill level 12 in Stealth
 15204 | D:8      | Reached XP level 10. HP: 60/65 MP: 11/15
 15321 | D:8      | Found a staircase to the Orcish Mines.
 15346 | D:8      | Got a twitching tin ring
 15347 | D:8      | Identified the ring "Wasisuac" {rC+ Dex+5 Int+4 Acc+6} (You found it on level 8 of the Dungeon)
 15928 | D:8      | Found a staircase to the Lair.
 16105 | Lair:1   | Entered Level 1 of the Lair of Beasts
 16122 | Lair:1   | Found a labyrinth entrance.
 16132 | Lab      | Entered a labyrinth
 16689 | Lab      | Noticed a minotaur
 16692 | Lab      | Killed a minotaur
 16692 | Lab      | Reached skill level 13 in Stealth
 16701 | Lab      | Got a steaming robe
 16743 | Lab      | Identified the +2 robe of Calculation {rElec rF+ rN+} (You found it in a labyrinth)
 18017 | Lair:2   | Noticed an elephant
 18017 | Lair:2   | Noticed an elephant
 18017 | Lair:2   | Noticed an elephant
 18017 | Lair:2   | Noticed an elephant
 18017 | Lair:2   | Noticed an elephant
 18050 | Lair:1   | Killed an elephant
 18576 | Lair:1   | Killed an elephant
 18576 | Lair:1   | Reached skill level 14 in Stealth
 18597 | Lair:2   | Noticed a black mamba
 18602 | Lair:2   | Killed a black mamba
 18653 | Lair:2   | Noticed a four-headed hydra
 18670 | Lair:2   | Slain by a four-headed hydra

Action                   |  1- 3 |  4- 6 |  7- 9 | 10-12 || total
-------------------------+-------+-------+-------+-------++-------
Melee: Dagger            |   187 |   133 |   223 |   117 ||   660
       Short sword       |       |    83 |   347 |       ||   430
Throw: Dart              |    16 |       |       |       ||    16
 Cast: Ensorcelled Hiber |    11 |    58 |   146 |    57 ||   272
       Corona            |     4 |       |       |       ||     4
       Confuse           |       |       |    36 |     3 ||    39
       Sure Blade        |       |       |     2 |       ||     2
 Abil: Bat Form          |       |     1 |     2 |     2 ||     5
       End Transformatio |       |     1 |     2 |     1 ||     4
  Use: Scroll            |       |    10 |     4 |     7 ||    21
       Potion            |       |     3 |       |       ||     3
 Stab: Sleeping          |    13 |    37 |    78 |    33 ||   161
       Distracted        |       |     1 |     5 |     3 ||     9
       Confused          |       |       |    15 |     2 ||    17
